 Dungeon Crawl Stone Soup version 0.29.0-11-gd7f09526c8 (webtiles) character file.

Game seed: 13907441726520807386

2420 mortz the Covert (level 9, -6/49 HPs)
             Began as a Kobold Conjurer on Sept 3, 2022.
             Was a Follower of Dithmenos.
             Mangled by a two-headed ogre
             ... wielding a +0 giant spiked club
              (38 damage)
             ... on level 7 of the Dungeon.
             The game lasted 00:51:20 (11176 turns).

mortz the Covert (Kobold Conjurer)                 Turns: 11176, Time: 00:51:20

Health: -6/49      AC:  7    Str:  7    XL:     9   Next: 76%
Magic:  15/17      EV: 19    Int: 24    God:    Dithmenos [*.....]
Gold:   280        SH:  0    Dex: 13    Spells: 12/19 levels left

rFire   . . .      SeeInvis +   a - +2 dagger (flame) {short}
rCold   . . .      Faith    .   (no shield)
rNeg    . . .      Spirit   .   g - +0 leather armour
rPois   .          Reflect  .   (no helmet)
rElec   .          Harm     .   t - +0 cloak
rCorr   .          Rampage  .   F - +1 pair of gloves "Zauntyog" {Str+3}
Will    .....                   r - +0 pair of boots
Stlth   ++++++....              x - amulet of regeneration {@e2}
HPRegen 0.96/turn               u - +4 ring of evasion
MPRegen 0.15/turn               L - ring of see invisible

@: wreathed by umbra
A: small, no large weapons, nightstalker 3
a: Renounce Religion


You were on level 7 of the Dungeon.
You worshipped Dithmenos.
Dithmenos was aware of your devotion.
You visited 2 branches of the dungeon, and saw 9 of its levels.

You collected 500 gold pieces.
You spent 220 gold pieces at shops.


Innate Abilities, Weirdness & Mutations

You are small and have problems with some larger weapons.
You are completely attuned to the shadows.


   Skills:
 + Level 2.4 Fighting
 + Level 3.2 Short Blades
 + Level 0.6 Armour
 + Level 4.5 Dodging
 + Level 8.8 Stealth
 * Level 5.6 Spellcasting
 * Level 8.0 Conjurations
 * Level 4.2 Translocations


You had 12 spell levels left.
You knew the following spells:

 Your Spells              Type           Power      Damage    Failure   Level
a - Magic Dart            Conj           100%       1d8       1%          1
b - Searing Ray           Conj           90%        2d7       1%          2
c - Iskenderun's Mystic   Conj/Tloc      36%        2d9       10%         4

Your spell library contained the following spells:

 Spells                   Type           Power      Damage    Failure   Level
 Dazzling Flash           Conj/Hex       50%        N/A       7%          3
 Slow                     Hex            24%        N/A       12%         1
 Ensorcelled Hibernation  Hex/Ice        12%        N/A       19%         2
 Sublimation of Blood     Necr           6%         N/A       19%         2
 Fulminant Prism          Conj/Hex       12%        3d9       24%         4
 Confusing Touch          Hex            6%         N/A       36%         3
 Spider Form              Tmut/Pois      6%         N/A       36%         3
 Summon Guardian Golem    Hex/Summ       6%         N/A       36%         3
 Vampiric Draining        Necr           6%         2d6       36%         3
 Irradiate                Conj/Tmut      12%        3d15      54%         5
 Anguish                  Hex/Necr       3%         N/A       77%         4
 Petrify                  Tmut/Erth      6%         N/A       77%         4
 Agony                    Necr           6%         N/A       98%         5
 Lee's Rapid Deconstruct  Erth           3%         3d6*      98%         5
 Silence                  Hex/Air        3%         N/A       98%         5
 Orb of Destruction       Conj           22%        9d8       98%         7
 Spellforged Servitor     Conj/Summ      12%        N/A       100%        7

Inventory:

Hand Weapons
 a - a +2 dagger of flaming (weapon) {short}
   (You took it off an orc on level 6 of the Dungeon)
 b - the +6 whip "Killer Bee's Foe" {spect, Dex+3, mace}
   (You found it on level 5 of the Dungeon)

   When its wielder attacks, the weapon's spirit leaps out and strikes again.
   The spirit shares a part of any damage it takes with its wielder.
   Dex:       It affects your dexterity (+3).
 c - a +1 hammer of holy wrath
   (You found it on level 7 of the Dungeon)
 e - a +0 dagger {short}
   (You took it off a kobold on level 1 of the Dungeon)
 l - a +0 hand axe {axe}
   (You found it on level 2 of the Dungeon)
 o - a +0 short sword {short}
   (You took it off a kobold on level 2 of the Dungeon)
 E - a +1 vorpal spear {polearm}
   (You took it off a gnoll on level 4 of the Dungeon)
 I - a +0 war axe {axe}
   (You took it off an orc on level 6 of the Dungeon)
 O - a +2 dagger {short}
   (You took it off a kobold on level 1 of the Dungeon)
 P - a +0 short sword of draining {short}
   (You took it off an orc on level 6 of the Dungeon)
 R - a +1 dagger of electrocution {short}
   (You took it off a kobold on level 4 of the Dungeon)
Missiles
 A - a throwing net {=f!fthrowing}
Armour
 g - a +0 leather armour (worn)
   (You found it on level 1 of the Dungeon)
 r - a +0 pair of boots (worn)
   (You found it on level 2 of the Dungeon)
 t - a +0 cloak (worn)
   (You found it on level 3 of the Dungeon)
 F - the +1 pair of gloves "Zauntyog" (worn) {Str+3}
   (You found it on level 4 of the Dungeon)

   Str:       It affects your strength (+3).
 N - a +0 plate armour
   (You found it on level 5 of the Dungeon)
 W - a +0 ring mail
   (You found it on level 7 of the Dungeon)
Magical Staves
 D - a staff of fire {!astaff}
   (You found it on level 4 of the Dungeon)
 M - a staff of air {!astaff}
   (You found it on level 5 of the Dungeon)
Jewellery
 u - a +4 ring of evasion (left hand)
   (You found it on level 4 of the Dungeon)
 x - an amulet of regeneration (around neck) {@e2}
   (You found it on level 3 of the Dungeon)
 C - a ring of protection from fire
   (You took it off a gnoll bouda on level 4 of the Dungeon)
 L - a ring of see invisible (right hand)
   (You found it on level 5 of the Dungeon)
Wands
 J - a wand of mindburst (19)
   (You found it on level 6 of the Dungeon)
 V - a wand of acid (3)
   (You took it off an orc priest on level 6 of the Dungeon)
 X - a wand of polymorph (5)
   (You found it on level 7 of the Dungeon)
Scrolls
 h - 4 scrolls of fog
 q - 2 scrolls of poison {!r}
 v - a scroll of magic mapping {!r}
 Y - a scroll of teleportation {@r4}
Potions
 f - a potion of mutation {!q}
 i - 8 potions of curing {@q1}
 n - 2 potions of flight
 s - a potion of brilliance
 w - 4 potions of might
 z - 3 potions of heal wounds {@q2}

Dungeon Overview and Level Annotations

Branches:
Dungeon (8/15) Zot: 26990  Temple (1/1) D:5 Zot: 5720
   Lair: D:8-11

Altars:
Ashenzari
Cheibriados
Dithmenos
Elyvilon
Fedhas
Gozag
Hepliaklqana
Kikubaaqudgha
Makhleb
Okawaru
Qazlal
Ru
Trog
Uskayaw
Vehumet
Wu Jian
Xom
Yredelemnul
Zin
The Shining One

Shops:
D:4 ?   D:6 :

Annotations:
D:3 Pikel
D:5 exclusions: door and unseen horror
D:6 1 exclusion
D:7 exclusion: door

###########.##..# #
########....##.....#...#
#
.................#.....#
..#####..(......)#.....#
### ###.........<...##
#.............#
##...........##
##......O###.##
##.).....@# #..#
###..)......# ##.#
##....)......# #.#######
##..........))#
##.#....#
#............)# #>#....#
##.............#
#.#...##
##..............#
##....#
#..............)##
#...##
##>.........##....#
##..###


You could see a two-headed ogre.


Message History

There is an open door here.
You now have 263 gold pieces (gained 8).
X - a wand of polymorph (3) ๐Ÿ˜Ž MP[+12]
Your mp is fully restored (17).
i - 7 potions of curing {@q1} (gained 1)
Y - a scroll of teleportation {@r4}
Items here: ( ))) รท.
Okay, then.
Things that are here:
a +0 hand axe {axe}; a +0 mace {mace}
Z - a curare-tipped dart {=fthrowing}
i - 8 potions of curing {@q1} (gained 1)
Things that are here:
a +0 whip {mace}; a kobold skeleton Your pack is full.
Things that are here:
a +0 mace {mace}; a +0 chain mail Your pack is full.
Things that are here:
a +0 mace {mace}; a +0 chain mail Could not pick up a +0 chain mail here; ([A]lways) ignore it?
Autopickup disabled for chain mails.
Things that are here:
a +0 whip {mace}; a kobold skeleton
There is an open door here.
Found three altars.
There is an open door here.
Items here: ( ))) รท.
Found a stone staircase leading up.
There is a stone staircase leading up here.
There is a stone staircase leading down here.
You see here a +0 sling.
You now have 280 gold pieces (gained 17).
Found a stone staircase leading down.
Found a stone staircase leading up.
You open the door.
There is an open translucent door here.
The helpless Crazy Yiuf fails to defend himself.
You perforate Crazy Yiuf like a sieve!!!
You burn Crazy Yiuf!
You kill Crazy Yiuf!
Dithmenos accepts your kill.
X - a wand of polymorph (5) (gained 2 charges)
Things that are here:
a +3 quarterstaff of chaos {staff}; a +0 cloak You see here a +1 hammer of holy wrath.
You can't carry that many items.
You drop a +0 robe. x2
c - a +1 hammer of holy wrath You drop a +0 ring mail.
You drop a +0 leather armour.
You drop a +0 robe. x2
You drop a +0 scale mail.
You drop a +0 leather armour.
You drop a +0 ring mail.
You drop a +0 leather armour.
You drop a +0 robe.
You drop a +0 leather armour.
You drop a +0 robe.
You drop a +0 scale mail.
You drop a +0 leather armour.
Okay, then.
There is an open translucent door here.
Done exploring.
You drop a curare-tipped dart {=fthrowing}.
There is a stone staircase leading down here.
You climb downwards.
Found a stone staircase leading up.
There is a stone staircase leading up here.
The helpless two-headed ogre fails to defend itself.
You stick the two-headed ogre like a pincushion!!!
You burn the two-headed ogre.
The searing ray hits the two-headed ogre but does no damage. (Press . to maintain the ray.)
The two-headed ogre barely misses you.
The two-headed ogre misses you. ๐Ÿ˜Ž MP[-2]
You lost 2 mp, and now have 15/17 mp.
The searing ray hits the two-headed ogre.
The two-headed ogre barely misses you.
The two-headed ogre hits you with a +0 giant spiked club!! ๐Ÿ˜ฎ HP[-22] MP[-1]
You take 22 damage, and now have 27/49 hp.
MASSIVE DAMAGE!! (PAUSE)
You lost 1 mp, and now have 14/17 mp. ๐Ÿ˜ฎ HP[+1] ๐Ÿ˜ฎ HP[+1]
There is a stone staircase leading up here. ๐Ÿ˜ฎ HP[+1]
The two-headed ogre misses you.
The two-headed ogre completely misses you.
You climb upwards.
Level annotation: exclusion: door
There is a stone staircase leading down here. ๐Ÿ˜ฎ HP[+2] MP[+1]
You regained 2 hp, and now have 32/49 hp.
The two-headed ogre attacks as you move away!
The two-headed ogre hits you with a +0 giant spiked club!!!
Ouch! That really hurt!
You die...

Skill      XL: |  1  2  3  4  5  6  7  8  9 |
---------------+----------------------------+-----
Stealth        | 3 4 5 6 7 8 |  8.8
Conjurations   | 5 6 7 8 |  8.0
Dodging        | 3 4 |  4.5
Short Blades   | 1 2 3 |  3.2
Spellcasting   | 3 4 5 |  5.6
Translocations | 1 2 3 4 |  4.2
Fighting       | 1 2 |  2.4
Armour         | |  0.6

Action                   |  1- 3 |  4- 6 |  7- 9 || total
-------------------------+-------+-------+-------++-------
Melee: Dagger            |    23 |    10 |    26 ||    59
       Punch             |     1 |       |       ||     1
 Cast: Magic Dart        |    24 |       |     1 ||    25
       Searing Ray       |     3 |    19 |    79 ||   101
       Iskenderun's Myst |       |       |     2 ||     2
  Use: Scroll            |     1 |     7 |     9 ||    17
       Potion            |       |     1 |     1 ||     2
 Stab: Sleeping          |    15 |    10 |    21 ||    46
Armor: Robe              |     2 |     2 |    10 ||    14
       Leather armour    |       |       |     6 ||     6
Dodge: Dodged            |    15 |    17 |   110 ||   142

Levels and vault maps discovered:
D:1:      dpeg_arrival_boxorama, layout_basic,
          shapermc_ecumenical_altar_mp_vishouse
D:2:      layout_basic, kennysheep_generic_room_13
D:3:      layout_basic, grunt_ministairs_7, minmay_misc_feat_tower,
          roderic_roman_lattice, kennysheep_cluttered_room,
          nicolae_eternal_life, uniq_terence, uniq_grinder
D:4:      layout_basic, mainiacjoe_overflow_alcove_2, serial_shops,
          nicolae_shop_hallway_stairs, minmay_joined_circles, uniq_pikel,
          uniq_natasha
D:5:      layout_basic, mainiacjoe_overflow_six_doors_small,
          minmay_temple_entry_waves, minmay_manual_mullet, uniq_edmund
D:6:      layout_loops_cross, mainiacjoe_overflow_cross_hatched,
          nicolae_stop_n_shop_1, corexii_item_surrounded_by_moat, st_stairs_8,
          uniq_blork_the_orc
D:7:      layout_cave_pods, gammafunk_temple_overflow_claw,
          uniq_crazy_yiuf_cottage
D:8:      layout_rooms, dpeg_oklobed_lair, uniq_erica
Temple:   dpeg_chambers_temple

Notes
Turn   | Place    | Note
-------+----------+-------------------------------------------
     0 | D:1      | mortz the Kobold Conjurer began the quest for the Orb.
     0 | D:1      | Reached XP level 1. HP: 10/10 MP: 3/3
     0 | D:1      | magus.rc [v1.9.6]
   277 | D:1      | Found a faded altar of an unknown god.
   348 | D:1      | Reached XP level 2. HP: 15/15 MP: 5/5
   349 | D:1      | You pick up a book of Debilitation and begin reading...
   349 | D:1      | You add the spells Slow, Vampiric Draining and Confusing
                  | Touch to your library.
   354 | D:1      | Learned a level 2 spell: Searing Ray
   479 | D:1      | Reached skill level 3 in Stealth
   991 | D:2      | Reached XP level 3. HP: 19/19 MP: 6/6
  1169 | D:2      | HP: 1/19 [adder (4)]
  1479 | D:2      | You pick up a book of Blasting and begin reading...
  1804 | D:2      | Reached XP level 4. HP: 24/24 MP: 1/7
  1949 | D:2      | Reached skill level 4 in Stealth
  2411 | D:3      | Noticed Terence
  2417 | D:3      | Killed Terence
  2682 | D:3      | Reached skill level 5 in Conjurations
  2682 | D:3      | Reached XP level 5. HP: 28/28 MP: 8/8
  2687 | D:3      | Learned a level 4 spell: Iskenderun's Mystic Blast
  2947 | D:3      | Noticed Grinder
  3310 | D:3      | Reached skill level 3 in Dodging
  3807 | D:3      | Killed Grinder
  3808 | D:3      | Reached skill level 1 in Short Blades
  3808 | D:3      | Reached skill level 5 in Stealth
  3808 | D:3      | Reached skill level 3 in Spellcasting
  3808 | D:3      | Reached skill level 1 in Translocations
  3808 | D:3      | Reached XP level 6. HP: 28/33 MP: 5/10
  4251 | D:4      | Reached XP level 7. HP: 37/37 MP: 5/11
  4255 | D:4      | Reached skill level 6 in Stealth
  4425 | D:4      | Reached skill level 2 in Short Blades
  4623 | D:4      | You pick up a book of Dangerous Friends and begin
                  | reading...
  4623 | D:4      | You add the spells Summon Guardian Golem, Orb of
                  | Destruction and Spellforged Servitor to your library.
  4728 | D:4      | Identified the +1 pair of gloves "Zauntyog" {Str+3}
  4861 | D:4      | Reached skill level 1 in Fighting
  4861 | D:4      | Reached skill level 2 in Translocations
  4962 | D:4      | Noticed Natasha
  4966 | D:4      | Killed Natasha
  4967 | D:4      | Reached skill level 6 in Conjurations
  5083 | D:4      | Found Rooq's Magic Scroll Shop.
  5088 | D:4      | Bought a scroll of magic mapping for 97 gold pieces
  5088 | D:4      | Bought a scroll of identify for 26 gold pieces
  5088 | D:4      | Bought a scroll of enchant weapon for 97 gold pieces
  5204 | D:4      | Reached XP level 8. HP: 43/43 MP: 5/13
  5443 | D:4      | Reached skill level 4 in Spellcasting
  5619 | D:4      | Reached skill level 7 in Stealth
  5619 | D:4      | Reached skill level 3 in Translocations
  5931 | D:4      | Noticed Pikel
  5944 | D:4      | HP: 8/43 [Pikel/+0 whip of electrocution (16)]
  6224 | D:4      | Noticed Natasha
  6245 | D:4      | Killed Natasha
  6403 | D:4      | Noticed Natasha
  6408 | D:4      | Killed Natasha
  6623 | D:4      | Found a snail-covered altar of Cheibriados.
  6889 | D:4      | Found Rooq's Magic Scroll Shop.
  6969 | D:4      | Found a snail-covered altar of Cheibriados.
  7343 | D:5      | Entered Level 5 of the Dungeon
  7349 | D:5      | Noticed Edmund
  7357 | D:5      | Killed Edmund
  7358 | D:5      | Reached skill level 4 in Dodging
  7358 | D:5      | Reached skill level 7 in Conjurations
  7407 | D:5      | Reached XP level 9. HP: 48/48 MP: 8/16
  7657 | D:5      | Reached skill level 5 in Spellcasting
  7715 | D:5      | Found a staircase to the Ecumenical Temple.
  7721 | Temple   | Entered the Ecumenical Temple
  7729 | Temple   | Became a worshipper of Dithmenos the Shadowed
  8168 | D:5      | Reached skill level 2 in Fighting
  8207 | D:5      | Found an ancient bone altar of Kikubaaqudgha.
  8429 | D:5      | Identified the +6 whip "Killer Bee's Foe" {spect, Dex+3}
  8498 | D:5      | Noticed an unseen horror
  8728 | D:6      | Found Ipihozonagg's Book Emporium.
  8869 | D:6      | Found an iron altar of Okawaru.
  9232 | D:6      | Reached skill level 8 in Stealth
  9253 | D:6      | Reached skill level 4 in Translocations
  9260 | D:6      | You pick up a book of Alchemy and begin reading...
  9260 | D:6      | You add the spells Sublimation of Blood, Petrify and
                  | Irradiate to your library.
  9385 | D:6      | Noticed Blork the orc
  9389 | D:6      | Killed Blork the orc
  9619 | D:6      | Reached * piety under Dithmenos
  9623 | D:6      | Reached skill level 3 in Short Blades
 10041 | D:7      | You pick up a book of Dreams and begin reading...
 10041 | D:7      | You add the spells Ensorcelled Hibernation, Spider Form and
                  | Anguish to your library.
 10157 | D:7      | You pick up a book of the Senses and begin reading...
 10157 | D:7      | You add the spells Agony and Silence to your library.
 10277 | D:7      | Reached skill level 8 in Conjurations
 10563 | D:7      | Found a glowing golden altar of the Shining One.
 10563 | D:7      | Found a hide-covered altar of Uskayaw.
 10563 | D:7      | Found a blossoming altar of Fedhas.
 10683 | D:7      | Found a runed translucent door.
 10686 | D:7      | Noticed Crazy Yiuf
 11102 | D:7      | Killed Crazy Yiuf
 11167 | D:8      | Noticed a two-headed ogre
 11176 | D:7      | Mangled by a two-headed ogre

Vanquished Creatures
  Grinder (D:3)
  Edmund (D:5)
  An orc warrior (D:7)
  A black bear (D:4)
  An ice beast (D:6)
  An ogre (D:4)
  4 lemures (D:4)
  2 phantoms
  A kobold brigand (D:7)
  Blork the orc (D:6)
  3 necrophages
  2 scorpions
  7 hounds
  A jelly (D:7)
  Crazy Yiuf (D:7)
  5 orc priests
  A gnoll bouda (D:4)
  Natasha (thrice) (D:4)
  Terence (D:3)
  3 iguanas
  7 orc wizards
  14 adders
  8 gnolls
  An ufetubus (D:6)
  3 worms
  3 dart slugs
  32 orcs
  4 endoplasms
  6 giant cockroaches
  6 goblins
  6 hobgoblins
  4 jackals
  A quokka (D:1)
  5 ball pythons
  2 bats
  3 frilled lizards
  10 kobolds
  3 rats
159 creatures vanquished.

Vanquished Creatures (others)
  27 fungi (D:6)
27 creatures vanquished.

Grand Total: 186 creatures vanquished

Table legend:
 A = Non-vault XP
 B = Vault XP
 C = Vault XP percentage of total XP
 D = Non-vault monster count
 E = Vault monster count
 F = Vault count percentage of total count
                 A         B        C        D         E       F
            +---------+---------+-------+---------+---------+-------
      Total |    2326 |    1132 |  32.7 |     131 |      24 |  15.5
            +---------+---------+-------+---------+---------+-------
        D:1 |      27 |       0 |   0.0 |      15 |       0 |   0.0
        D:2 |      45 |       6 |  11.8 |      12 |       3 |  20.0
        D:3 |     166 |     324 |  66.1 |      13 |       3 |  18.8
        D:4 |     821 |     389 |  32.1 |      35 |      12 |  25.5
        D:5 |     178 |     185 |  51.0 |       5 |       2 |  28.6
        D:6 |     712 |     186 |  20.7 |      34 |       3 |   8.1
        D:7 |     377 |      42 |  10.0 |      17 |       1 |   5.6
            +---------+---------+-------+---------+---------+-------

Illustrated notes

Table legend:
 A = Kills in this place as a percentage of kills in entire the game.
 B = Kills by you in this place as a percentage of kills by you in the entire game.
 C = Kills by friends in this place as a percentage of kills by friends in the entire game.
 D = Other kills in this place as a percentage of other kills in the entire game.
 E = Experience gained in this place as a percentage of experience gained in the entire game.
 F = Experience gained in this place divided by the number of levels of this place that you have seen.
                   A       B       C       D       E      F
               +-------+-------+-------+-------+-------+----------------------
         Total | 100.0 | 100.0 |   N/A |   N/A | 100.0 | 384.2
       Dungeon | 100.0 | 100.0 |   N/A |   N/A | 100.0 | 432.2
               +-------+-------+-------+-------+-------+----------------------

Table legend: (Time is in decaauts)
 A = Elapsed time spent in this place.
 B = Non-inter-level travel time spent in this place.
 C = Inter-level travel time spent in this place.
 D = Time resting spent in this place.
 E = Time spent auto-exploring this place.
 F = Levels seen in this place.
 G = Mean time per level.
                   A        B        C        D        E       F      G
               +--------+--------+--------+--------+--------+-----+--------+
         Total |  11215 |  10865 |    350 |    671 |   8485 |   9 | 1246.1 |
       Dungeon |  10935 |  10611 |    324 |    671 |   8252 |   8 | 1366.9 |
        Temple |    279 |    253 |     26 |      0 |    233 |   1 |  279.0 |
               +--------+--------+--------+--------+--------+-----+--------+

Top non-repeatable levels by time:
     D:3: 2644 daAuts
     D:4: 2443 daAuts
     D:7: 1310 daAuts
     D:2: 1201 daAuts
     D:6: 1200 daAuts
     D:5: 1065 daAuts
     D:1: 1062 daAuts
  Temple: 279 daAuts
     D:8: 7 daAuts
